AAA EAST
ST. PAUL SAINTS @ JACKSONVILLE JUMBO SHRIMP
05/02/2042
 
TOP OF THE 1ST
St. Paul Saints batting - Pitching for Jacksonville Jumbo Shrimp : RHP Curt Carter
Pitching: RHP Curt Carter
Batting: LHB Juan Moreno 0-0: Ball
1-0: Foul Ball, location: 5FF
1-1: Ball
2-1: SINGLE (Line Drive, 7S, EV 94.4 MPH)
Batting: LHB Rubén Rosete 0-0: Sac Bunt to 23 - play at first, batter OUT! 3-4
Juan Moreno to second
Batting: LHB Joe McMahon 0-0: Foul Ball, location: 2F
0-1: Ball
1-1: Foul Ball, location: 2F
1-2: Fly out, F5 (Popup, 5SF, EV 76.9 MPH)
Batting: LHB José Toledo 0-0: Foul Ball, location: 2F
0-1: Ball
1-1: Foul Ball, location: 2LF
1-2: SINGLE (Flyball, 8LS, EV 93.1 MPH)
Juan Moreno to third
Runner from 3rd tries for Home, SAFE, throw by CF to home
Batting: RHB Jesús Carranza 0-0: Ball
1-0: Called Strike
1-1: SINGLE (Groundball, 6MD, EV 95.6 MPH)
José Toledo to second
Runner from 2nd tries for 3rd, SAFE, throw by CF made to third
Batting: LHB Jeremy Rossano 0-0: Called Strike
0-1: Swinging Strike
0-2: Fielders Choice at 2nd, U6 (Groundball, 6M, EV 103.8 MPH)
Top of the 1st over - 1 run, 3 hits, 0 errors, 2 left on base; St. Paul 1 - Jacksonville 0
BOTTOM OF THE 1ST
Jacksonville Jumbo Shrimp batting - Pitching for St. Paul Saints : RHP Zare Turovtsev
Pitching: RHP Zare Turovtsev
Batting: RHB Raúl Toro 0-0: Ground out 5-3 (Groundball, 56, EV 103.1 MPH)
Batting: RHB Gilberto Souza 0-0: Ball
1-0: Called Strike
1-1: Foul Ball, location: 9LSF
1-2: Ball
2-2: SOLO HOME RUN (Flyball, 7LD, EV 95.6 MPH), Distance : 356 ft
Batting: LHB Jerry López 0-0: Ball
1-0: Foul Ball, location: 3FF
1-1: Ball
2-1: Ball
3-1: Foul Ball, location: 2F
3-2: Ground out U3 (Groundball, 3, EV 101.9 MPH)
Batting: LHB Danny King 0-0: Ball
1-0: Foul Ball, location: 5F
1-1: Fly out, F4 (Line Drive, 4, EV 71.9 MPH)
Bottom of the 1st over - 1 run, 1 hit, 0 errors, 0 left on base; St. Paul 1 - Jacksonville 1
TOP OF THE 2ND
St. Paul Saints batting - Pitching for Jacksonville Jumbo Shrimp : RHP Curt Carter
Batting: LHB Jeremy Castle 0-0: Fly out, F5 (Popup, 25F, EV 80.6 MPH)
Batting: RHB Jim Unknown 0-0: SINGLE (Flyball, 34D, EV 90.6 MPH)
Batting: RHB Jim Unknown 0-0: Ball
1-0: Ball
2-0: Called Strike
2-1: Grounds into double play, U3-6 (Groundball, 3L, EV 86.3 MPH)
Top of the 2nd over - 0 runs, 1 hit, 0 errors, 0 left on base; St. Paul 1 - Jacksonville 1
BOTTOM OF THE 2ND
Jacksonville Jumbo Shrimp batting - Pitching for St. Paul Saints : RHP Zare Turovtsev
Batting: RHB Kel Mearns 0-0: Ball
1-0: Swinging Strike
1-1: Ground out 6-3 (Groundball, 6, EV 87.5 MPH)
Batting: RHB António Sandoval 0-0: Fly out, F8 (Flyball, 8LD, EV 94.4 MPH)
Batting: RHB Dan Offen 0-0: Ball
1-0: Ball
2-0: Ground out 6-3 (Groundball, 6, EV 82.5 MPH)
Bottom of the 2nd over - 0 runs, 0 hits, 0 errors, 0 left on base; St. Paul 1 - Jacksonville 1
TOP OF THE 3RD
St. Paul Saints batting - Pitching for Jacksonville Jumbo Shrimp : RHP Curt Carter
Batting: RHB José Chacón 0-0: Ball
1-0: Ball
2-0: SINGLE (Line Drive, 9S, EV 101.9 MPH)
Batting: LHB Rubén Rosete 0-0: Bunted foul
0-1: Sac Bunt to 13 - play at first, batter OUT! 1-3
José Chacón to second
Batting: LHB Joe McMahon 0-0: Ball
1-0: Foul Ball, location: 2F
1-1: Ground out 5-3 (Groundball, 56, EV 101.3 MPH)
Batting: LHB José Toledo 0-0: Ball
1-0: Swinging Strike
1-1: Ball
2-1: Ball
Wild Pitch!
José Chacón to third
3-1: Called Strike
3-2: Foul Ball, location: 2F
3-2: Foul Ball, location: 7LDF
3-2: Reached on error, E3 (Groundball, 34S, EV 81.3 MPH)
José Chacón scores
Pitching: RHP Mike Parrish
Batting: RHB Jesús Carranza 0-0: Swinging Strike
0-1: Ball
1-1: Ground out 4-3 (Groundball, 4, EV 105.0 MPH)
Top of the 3rd over - 1 run, 1 hit, 1 error, 1 left on base; St. Paul 2 - Jacksonville 1
BOTTOM OF THE 3RD
Jacksonville Jumbo Shrimp batting - Pitching for St. Paul Saints : RHP Zare Turovtsev
Batting: RHB José Flores 0-0: Ball
1-0: Fly out, F8 (Flyball, 8RD, EV 83.1 MPH)
Batting: LHB Jim Unknown 0-0: SINGLE (Groundball, 4D, EV 103.1 MPH)
Batting: RHB Raúl Toro 0-0: Ball
1-0: Ball
2-0: Called Strike
2-1: Ball
3-1: Grounds into double play, 6-4-3 (Groundball, 6, EV 105.0 MPH)
Bottom of the 3rd over - 0 runs, 1 hit, 0 errors, 0 left on base; St. Paul 2 - Jacksonville 1
TOP OF THE 4TH
St. Paul Saints batting - Pitching for Jacksonville Jumbo Shrimp : RHP Mike Parrish
Batting: LHB Jeremy Rossano 0-0: Ball
1-0: Ball
2-0: Ball
3-0: Ground out U3 (Groundball, 3, EV 88.8 MPH)
Batting: LHB Jeremy Castle 0-0: Called Strike
0-1: Swinging Strike
0-2: SINGLE (Groundball, 4M, EV 87.5 MPH) (infield hit)
Batting: RHB Jim Unknown 0-0: Called Strike
0-1: Called Strike
0-2: Ball
1-2: Ball
2-2: Strikes out swinging
Batting: RHB Jim Unknown 0-0: Ball
1-0: Foul Ball, location: 5DF
1-1: Ball
2-1: Called Strike
2-2: Strikes out swinging
Top of the 4th over - 0 runs, 1 hit, 0 errors, 1 left on base; St. Paul 2 - Jacksonville 1
BOTTOM OF THE 4TH
Jacksonville Jumbo Shrimp batting - Pitching for St. Paul Saints : RHP Zare Turovtsev
Batting: RHB Gilberto Souza 0-0: Ball
1-0: Ground out 6-3 (Groundball, 56, EV 105.6 MPH)
Batting: LHB Jerry López 0-0: Ball
1-0: Swinging Strike
1-1: Ball
2-1: Ball
3-1: Foul Ball, location: 3F
3-2: Ground out 4-3 (Groundball, 34, EV 89.4 MPH)
Batting: LHB Danny King 0-0: Ball
1-0: Swinging Strike
1-1: Foul Ball, location: 3FF
1-2: Ground out 6-3 (Groundball, 6, EV 83.8 MPH)
Bottom of the 4th over - 0 runs, 0 hits, 0 errors, 0 left on base; St. Paul 2 - Jacksonville 1
TOP OF THE 5TH
St. Paul Saints batting - Pitching for Jacksonville Jumbo Shrimp : RHP Mike Parrish
Batting: RHB José Chacón 0-0: DOUBLE (Flyball, 89XD, EV 95.6 MPH)
Batting: LHB Rubén Rosete 0-0: Called Strike
0-1: Called Strike
0-2: Ball
1-2: Fly out, F6 (Popup, 6M, EV 74.4 MPH)
Batting: LHB Joe McMahon 0-0: SINGLE (Groundball, 23, EV 73.1 MPH) (infield hit)
José Chacón to third
Batting: LHB José Toledo 0-0: Foul Ball, location: 9LMF
0-1: Ball
1-1: Swinging Strike
1-2: Ball
2-2: Foul Ball, location: 23F
2-2: Ball
3-2: Fly out, F9 (Flyball, 89D, EV 90.0 MPH)
Runner from 3rd tags up, SCORES, throw by RF
Batting: RHB Jesús Carranza 0-0: Ball
1-0: Called Strike
1-1: Ball
2-1: 2-RUN HOME RUN (Flyball, 9D, EV 97.5 MPH), Distance : 371 ft
Batting: LHB Jeremy Rossano 0-0: Foul Ball, location: 2F
0-1: Foul Ball, location: 7LDF
0-2: Strikes out swinging
Top of the 5th over - 3 runs, 3 hits, 0 errors, 0 left on base; St. Paul 5 - Jacksonville 1
BOTTOM OF THE 5TH
Jacksonville Jumbo Shrimp batting - Pitching for St. Paul Saints : RHP Zare Turovtsev
Batting: RHB Kel Mearns 0-0: Ball
1-0: SINGLE (Groundball, 4, EV 81.3 MPH)
Batting: RHB António Sandoval 0-0: Called Strike
0-1: Ball
1-1: Foul Ball, location: 5FF
1-2: DOUBLE (Groundball, 5L, EV 96.9 MPH)
Kel Mearns to third
Batting: RHB Dan Offen 0-0: Called Strike
0-1: SINGLE (Flyball, 6MD, EV 98.1 MPH)
Kel Mearns scores
António Sandoval to third
Batting: RHB José Flores 0-0: Fielders Choice at home, 5-2 (Groundball, 56, EV 84.4 MPH)
Dan Offen to second
Batting: LHB Jim Unknown 0-0: Called Strike
0-1: Ball
1-1: Swinging Strike
1-2: Ball
2-2: SINGLE (Line Drive, 34, EV 99.4 MPH)
Dan Offen to third
José Flores to second
Batting: RHB Raúl Toro 0-0: Swinging Strike
0-1: Ball
1-1: Foul Ball, location: 25F
1-2: SINGLE (Groundball, 4MS, EV 73.8 MPH) (infield hit)
Dan Offen scores
José Flores to third
Jim Unknown to second
Batting: RHB Gilberto Souza 0-0: Ball
1-0: Ball
2-0: DOUBLE (Groundball, 5L, EV 103.1 MPH)
José Flores scores
Jim Unknown scores
Raúl Toro to third
Runner from 3rd tries for Home, SAFE, throw by LF to home
Pitching: RHP Ted Whitehead
Batting: LHB Jerry López 0-0: Called Strike
0-1: SINGLE (Groundball, 4MD, EV 102.5 MPH)
Gilberto Souza to third
Batting: LHB Danny King 0-0: Ground out 3-1 (Groundball, 34, EV 100.0 MPH)
Gilberto Souza scores
Jerry López to second
Batting: RHB Kel Mearns 0-0: Ball
1-0: Swinging Strike
1-1: Ball
2-1: Swinging Strike
2-2: Strikes out swinging
Bottom of the 5th over - 6 runs, 7 hits, 0 errors, 1 left on base; St. Paul 5 - Jacksonville 7
TOP OF THE 6TH
St. Paul Saints batting - Pitching for Jacksonville Jumbo Shrimp : RHP Mike Parrish
Pitching: RHP Jeff Bennett
Batting: LHB Jeremy Castle 0-0: Ball
1-0: Foul Ball, location: 2F
1-1: Foul Ball, location: 2F
1-2: Ball
2-2: SINGLE (Line Drive, 6M, EV 108.1 MPH)
Batting: RHB Jim Unknown 0-0: Called Strike
0-1: Foul Ball, location: 3SF
0-2: Ball
1-2: Ball
2-2: Ball
3-2: Grounds into double play, 5-4-3 (Groundball, 5S, EV 91.9 MPH)
Batting: RHB Jim Unknown 0-0: Ball
1-0: Called Strike
1-1: Swinging Strike
1-2: Strikes out looking
Top of the 6th over - 0 runs, 1 hit, 0 errors, 0 left on base; St. Paul 5 - Jacksonville 7
BOTTOM OF THE 6TH
Jacksonville Jumbo Shrimp batting - Pitching for St. Paul Saints : RHP Ted Whitehead
Batting: RHB António Sandoval 0-0: Ball
1-0: Foul Ball, location: 7LDF
1-1: Ground out 3-1 (Groundball, 34S, EV 86.9 MPH)
Batting: RHB Dan Offen 0-0: Ball
1-0: Fly out, F8 (Flyball, 78M, EV 96.9 MPH)
Batting: RHB José Flores 0-0: Ball
1-0: Ground out 5-3 (Groundball, 56, EV 87.5 MPH)
Bottom of the 6th over - 0 runs, 0 hits, 0 errors, 0 left on base; St. Paul 5 - Jacksonville 7
TOP OF THE 7TH
St. Paul Saints batting - Pitching for Jacksonville Jumbo Shrimp : RHP Jeff Bennett
Batting: RHB José Chacón 0-0: Ball
1-0: Called Strike
1-1: Foul Ball, location: 7LMF
1-2: Ball
2-2: Fly out, F8 (Flyball, 8LD, EV 108.8 MPH)
Batting: LHB Rubén Rosete 0-0: Ground out 6-3 (Groundball, 6M, EV 88.8 MPH)
Batting: LHB Joe McMahon 0-0: Ball
1-0: Ball
2-0: Swinging Strike
2-1: Ground out 1-3 (Groundball, 13, EV 67.5 MPH)
Top of the 7th over - 0 runs, 0 hits, 0 errors, 0 left on base; St. Paul 5 - Jacksonville 7
BOTTOM OF THE 7TH
Jacksonville Jumbo Shrimp batting - Pitching for St. Paul Saints : RHP Ted Whitehead
Batting: LHB Jim Unknown 0-0: Ball
1-0: Ball
2-0: Ball
3-0: Called Strike
3-1: SINGLE (Groundball, 4D, EV 103.8 MPH)
Batting: RHB Raúl Toro 0-0: Sac Bunt to 15S - play at first, batter OUT! 1-3
Jim Unknown to second
Batting: RHB Gilberto Souza 0-0: Ball
1-0: Ground out 1-3 (Groundball, 13S, EV 74.4 MPH)
Jim Unknown to third
Batting: LHB Jerry López 0-0: Ball
1-0: Called Strike
1-1: Foul Ball, location: 9LMF
1-2: Ball
2-2: Fly out, F9 (Flyball, 9LM, EV 96.3 MPH)
Bottom of the 7th over - 0 runs, 1 hit, 0 errors, 1 left on base; St. Paul 5 - Jacksonville 7
TOP OF THE 8TH
St. Paul Saints batting - Pitching for Jacksonville Jumbo Shrimp : RHP Jeff Bennett
Batting: LHB José Toledo 0-0: Called Strike
0-1: Foul Ball, location: 7LDF
0-2: Ball
1-2: Foul Ball, location: 9LSF
1-2: Ball
2-2: Strikes out swinging
Batting: RHB Jesús Carranza 0-0: Foul Ball, location: 5DF
0-1: Called Strike
0-2: Ball
1-2: Fly out, F4 (Popup, 34S, EV 61.9 MPH)
Batting: LHB Jeremy Rossano 0-0: Ball
1-0: Ball
2-0: Swinging Strike
2-1: Foul Ball, location: 2F
2-2: Foul Ball, location: 2F
2-2: Foul Ball, location: 2F
2-2: SINGLE (Groundball, 23, EV 78.1 MPH) (infield hit)
Batting: LHB Jeremy Castle 0-0: Called Strike
0-1: Swinging Strike
0-2: Foul Ball, location: 23F
0-2: Strikes out swinging
Top of the 8th over - 0 runs, 1 hit, 0 errors, 1 left on base; St. Paul 5 - Jacksonville 7
BOTTOM OF THE 8TH
Jacksonville Jumbo Shrimp batting - Pitching for St. Paul Saints : RHP Ted Whitehead
Batting: LHB Danny King 0-0: Ball
1-0: Foul Ball, location: 3F
1-1: DOUBLE (Line Drive, 9LS, EV 92.5 MPH)
Batting: RHB Kel Mearns 0-0: Called Strike
0-1: DOUBLE (Line Drive, 7LS, EV 90.6 MPH)
Danny King scores
Batting: RHB António Sandoval 0-0: Sac Bunt to 2L - play at first, batter OUT! 2-3
Kel Mearns to third
Batting: RHB Dan Offen 0-0: Called Strike
0-1: Ball
1-1: SINGLE (Line Drive, 4MD, EV 105.0 MPH)
Kel Mearns scores
Batting: RHB José Flores 0-0: Called Strike
0-1: Called Strike
0-2: Ball
1-2: Ground out 5-3 (Groundball, 56S, EV 66.3 MPH)
Dan Offen to second
Batting: LHB Jim Unknown 0-0: Ground out 4-3 (Groundball, 34, EV 104.4 MPH)
Bottom of the 8th over - 2 runs, 3 hits, 0 errors, 1 left on base; St. Paul 5 - Jacksonville 9
TOP OF THE 9TH
St. Paul Saints batting - Pitching for Jacksonville Jumbo Shrimp : RHP Jeff Bennett
Pinch Hitting: RHB Leonardo Boccasino 0-0: Ball
1-0: Called Strike
1-1: Ground out 1-3 (Groundball, 25, EV 68.8 MPH)
Batting: RHB Jim Unknown 0-0: Ball
1-0: Ball
2-0: Ball
3-0: Called Strike
3-1: Called Strike
3-2: SINGLE (Groundball, 4MD, EV 96.3 MPH)
Pitching: RHP Johnny Hampton
Batting: RHB José Chacón 0-0: Ball
1-0: Foul Ball, location: 9LDF
1-1: Ball
2-1: Ball
3-1: Base on Balls
Jim Unknown to second
Pitching: RHP Cal Abbott
Batting: LHB Rubén Rosete 0-0: Ball
1-0: Swinging Strike
1-1: Called Strike
1-2: Foul Ball, location: 5SF
1-2: Ball
Wild Pitch!
Jim Unknown to third
José Chacón to second
2-2: Ball
3-2: Strikes out looking
Batting: LHB Joe McMahon 0-0: Called Strike
0-1: Ball
1-1: Ball
2-1: Fly out, F9 (Flyball, 9D, EV 95.6 MPH)
Top of the 9th over - 0 runs, 1 hit, 0 errors, 2 left on base; St. Paul 5 - Jacksonville 9
Wednesday, May 1st , 2024 - OOTP Baseball 24.10 Build 82